Canadiens vs Sabres

Created - Saturday, February 13, 2016 at 03:12

Goals
1 2 3 T
Canadiens 1 1 1 3
Sabres 1 0 0 1
Shots
1 2 3 T
Canadiens 12 16 14 42
Sabres 9 5 14 28

1st period

1. Canadiens , Jordie Benn 2 (Mike Cammalleri, Mathieu Perreault) at 3:48 (PP)
2. Sabres , Gustav Nyquist 23 (Alex Pietrangelo, Ryan Kesler) at 18:58 (PP)

Penalties :
Trevor Gillies (Buf) for Hooking (Minor) at 2:50, Ryan Kesler (Buf) for Slashing (Minor) at 4:32, Gregory Campbell (Mon) for Interference (Minor) at 17:58

2nd period

3. Canadiens , Mathieu Perreault 28 (Ryan Callahan) at 6:57 (PP)

Penalties :
Vernon Fiddler (Buf) for Hooking (Minor) at 6:15, Justin Abdelkader (Mon) for Holding (Minor) at 11:55, Trevor Gillies (Buf) for Tripping (Minor) at 15:00, Trevor Gillies (Buf) for Interference (Minor) at 19:07

3rd period

4. Canadiens , Ryan Callahan 29 (Mathieu Perreault, Ben Lovejoy) at 13:02 (PP)

Penalties :
Trevor Gillies (Buf) for Hooking (Minor) at 9:01, Steven Stamkos (Buf) for Holding (Minor) at 11:32

Goalie Stats

Pekka Rinne (Mon), 27 saves from 28 shots - (0.964), W, 29-11-7, 60:00 minutes
Petr Mrazek (Buf), 39 saves from 42 shots - (0.929), L, 1-1-0, 60:00 minutes

Players Stats for Canadiens

Player Name              G  A  P  +/- PIM S  H  SB GA TA FO     MP     PP MP  PK MP  
------------------------------------------------------------------------------------
Alex Goligoski           0  0  0   0  0   3  0  3  0  2  0/0    24:57   6:46   1:49 
Andrew Campbell          0  0  0   0  0   0  0  0  0  1  0/0    15:09   0:00   1:49 
Ben Lovejoy              0  1  1   0  0   2  3  4  0  0  0/0    21:31   4:20   1:10 
Brian Boyle              0  0  0   0  0   0  0  0  1  0  0/0    10:23   0:00   2:24 
Dennis Seidenberg        0  0  0   0  0   4  1  1  0  4  0/0    17:06   0:00   1:10 
Francois Beauchemin      0  0  0   0  0   0  2  1  1  2  0/0    23:20   6:46   0:00 
Gregory Campbell         0  0  0   0  2   0  1  0  0  0  0/0     8:25   0:00   0:06 
Jaromir Jagr             0  0  0   0  0   2  0  0  2  0  0/1    13:27   0:00   0:00 
Joe Thornton             0  0  0   0  0   4  1  0  5  0  6/15   18:16   6:09   0:00 
Jordie Benn              1  0  1   0  0   4  0  1  0  0  0/0    17:57   4:20   0:00 
Justin Abdelkader        0  0  0   0  2   5  4  2  2  0  0/1    18:35   6:09   0:00 
Mathieu Perreault        1  2  3   0  0   3  3  0  1  0  8/17   17:27   4:57   0:29 
Maxim Lapierre           0  0  0   0  0   3  0  0  0  0  5/11   10:23   0:00   2:24 
Mike Cammalleri          0  1  1   0  0   1  2  0  1  0  0/0    17:54   4:57   0:35 
Mike Ribeiro             0  0  0   0  0   3  0  0  2  0  4/9    13:27   0:00   0:00 
Patrick Eaves            0  0  0   0  0   1  1  0  0  1  0/0    13:27   0:00   0:00 
Radim Vrbata             0  0  0   0  0   4  0  0  1  0  0/0    18:16   6:09   0:00 
Ryan Callahan            1  1  2   0  0   3  4  0  3  0  0/2    16:58   4:57   0:00 

Players Stats for Sabres

Player Name              G  A  P  +/- PIM S  H  SB GA TA FO     MP     PP MP  PK MP  
------------------------------------------------------------------------------------
Alex Pietrangelo         0  1  1   0  0   1  0  0  1  1  0/0    23:39   0:11   5:03 
Benoit Pouliot           0  0  0   0  0   2  1  1  1  1  2/2    14:26   1:48   0:00 
Boyd Gordon              0  0  0   0  0   2  0  1  1  0  7/13   14:23   0:00   5:52 
Brooks Orpik             0  0  0   0  0   0  2  1  1  2  0/0    21:55   0:00   5:03 
Chris Higgins            0  0  0   0  0   2  0  0  3  0  0/2    15:22   0:00   5:52 
David Perron             0  0  0   0  0   0  0  0  0  0  1/2    13:49   1:11   0:00 
Dwight King              0  0  0   0  0   1  0  1  2  0  0/2    16:00   0:00   5:14 
Gustav Nyquist           1  0  1   0  0   1  1  0  1  1  0/0    15:11   1:11   0:00 
Jack Skille              0  0  0   0  0   0  0  0  1  0  0/0     8:28   0:00   0:00 
Jay Bouwmeester          0  0  0   0  0   2  1  0  0  1  0/0    24:05   2:48   6:03 
Matt Bartkowski          0  0  0   0  0   0  2  2  0  2  0/0    20:16   0:00   6:03 
Nikita Zadorov           0  0  0   0  0   1  2  1  0  0  0/0    14:00   0:11   0:00 
Rasmus Ristolainen       0  0  0   0  0   2  1  0  0  0  0/0    16:05   2:48   0:00 
Ryan Kesler              0  1  1   0  2   4  3  1  2  2  5/7    14:13   1:11   0:10 
Sidney Crosby            0  0  0   0  0   5  0  0  2  1  10/16  15:48   1:48   0:00 
Steven Stamkos           0  0  0   0  2   3  0  0  2  0  2/2    15:47   1:48   0:00 
Trevor Gillies           0  0  0   0  8   0  2  0  0  0  0/0     9:31   0:00   0:00 
Vernon Fiddler           0  0  0   0  2   2  0  0  0  1  6/10   15:49   0:00   5:04 

3 Stars

1 - Mathieu Perreault (Mon)
2 - Ryan Callahan (Mon)
3 - Pekka Rinne (Mon)

Power Play

Canadiens - 3 on 7 Attempt(s) - 42.86%
Sabres - 1 on 3 Attempt(s) - 33.33%

Penalty Kill

Canadiens - 2 on 3 Attempt(s) - 66.67% - Score 0 goal in Penalty Kill
Sabres - 4 on 7 Attempt(s) - 57.14% - Score 0 goal in Penalty Kill

Team Stat

Canadiens - Hits : 22 - Faceoff Wins : 23 - Blocked Shots : 12 - Penalty Minutes : 4
Sabres - Hits : 15 - Faceoff Wins : 33 - Blocked Shots : 8 - Penalty Minutes : 14

Official

Referees : Unknown
Linesman : Unknown

Game Notes

15:08 of 1st period - Penalty Shot by Ben Lovejoy for Canadiens - Stopped by Petr Mrazek
6:57 of 2nd period - Canadiens goal is going for a video replay. After video review, Goal.

Finance

Level 1 -- Attendance: 6000 (100.00%) -- Ticket Income $426,000
Level 2 -- Attendance: 5000 (100.00%) -- Ticket Income $240,000
Level 3 -- Attendance: 1804 (90.20%) -- Ticket Income $54,120
Level 4 -- Attendance: 4000 (100.00%) -- Ticket Income $68,000
Luxury Box -- Attendance: 1000 (100.00%) -- Ticket Income $175,000
Game was played at the HSBC Arena.
Total Attendance: 17804 (98.91%)
Total Ticket Income: $963,120
Other Income: $471,929
Total Income: $1,435,049

Canadiens

5 vs 5 Forward 
   Center                   Left Wing                Right Wing               Time % Phy DF OF 
 1 Joe Thornton             Justin Abdelkader        Radim Vrbata             31     1   1  3  
 2 Mathieu Perreault        Mike Cammalleri          Ryan Callahan            31     1   1  3  
 3 Mike Ribeiro             Patrick Eaves            Jaromir Jagr             31     1   1  3  
 4 Maxim Lapierre           Brian Boyle              Gregory Campbell         7      1   3  1  

5 vs 5 Defense 
   Defense                  Defense                                           Time % Phy DF OF 
 1 Alex Goligoski           Francois Beauchemin                               40     1   2  2  
 2 Dennis Seidenberg        Ben Lovejoy                                       34     1   2  2  
 3 Jordie Benn              Andrew Campbell                                   26     1   3  1  
 4 Francois Beauchemin      Dennis Seidenberg                                 0      1   2  2  

PowerPlay Forward 
   Center                   Left Wing                Right Wing               Time % Phy DF OF 
 1 Joe Thornton             Justin Abdelkader        Radim Vrbata             55     1   1  3  
 2 Mathieu Perreault        Mike Cammalleri          Ryan Callahan            45     1   1  3  

PowerPlay Defense
   Defense                  Defense                                           Time % Phy DF OF 
 1 Alex Goligoski           Francois Beauchemin                               60     1   1  3  
 2 Ben Lovejoy              Jordie Benn                                       40     1   2  2  

Penalty Kill 4 Players Forward 
   Center                   Wing                     Time % Phy DF OF 
 1 Maxim Lapierre           Brian Boyle              60     1   3  1  
 2 Gregory Campbell         Mike Cammalleri          40     1   3  1  

Penalty Kill 4 Players Defense
   Defense                  Defense                  Time % Phy DF OF 
 1 Andrew Campbell          Alex Goligoski           60     1   3  1  
 2 Ben Lovejoy              Dennis Seidenberg        40     1   3  1  

Penalty Kill - 3 Players Forward 
   Forward                                           Time % Phy DF OF 
 1 Brian Boyle                                       60     1   3  1  
 2 Maxim Lapierre                                    40     1   3  1  

Penalty Kill - 3 Players Defense
   Defense                  Defense                  Time % Phy DF OF 
 1 Andrew Campbell          Alex Goligoski           60     1   3  1  
 2 Ben Lovejoy              Dennis Seidenberg        40     1   3  1  

4 vs 4 Forward 
   Center                   Wing                     Time % Phy DF OF 
 1 Mike Ribeiro             Justin Abdelkader        60     1   2  2  
 2 Mathieu Perreault        Ryan Callahan            40     1   2  2  

4 vs 4 Defense
   Defense                  Defense                  Time % Phy DF OF 
 1 Alex Goligoski           Dennis Seidenberg        60     1   2  2  
 2 Andrew Campbell          Francois Beauchemin      40     1   2  2  

Last Minutes Offensive
   Center                   Left Wing                Right Wing               Defense                  Defense                  
   Joe Thornton             Justin Abdelkader        Radim Vrbata             Alex Goligoski           Francois Beauchemin      

Last Minutes Defensive
   Center                   Left Wing                Right Wing               Defense                  Defense                  
   Maxim Lapierre           Brian Boyle              Gregory Campbell         Alex Goligoski           Andrew Campbell          

Goaltenders
Starting : Pekka Rinne              
Backup : Curtis McElhinney        

Extra Forwards
Normal : Mike Cammalleri, Mathieu Perreault, Joe Thornton - PP : Mike Cammalleri, Mike Ribeiro - PK : Mike Cammalleri
Extra Defensemen
Normal : Francois Beauchemin, Andrew Campbell, Alex Goligoski - PP : Dennis Seidenberg - PK : Francois Beauchemin, Alex Goligoski
Penalty Shots
Radim Vrbata, Maxim Lapierre, Mike Ribeiro, Joe Thornton, Mike Cammalleri

Sabres

5 vs 5 Forward 
   Center                   Left Wing                Right Wing               Time % Phy DF OF 
 1 Sidney Crosby            Gustav Nyquist           Steven Stamkos           35     0   2  3  
 2 Ryan Kesler              Benoit Pouliot           David Perron             33     0   2  3  
 3 Vernon Fiddler           Chris Higgins            Dwight King              20     1   2  2  
 4 Boyd Gordon              Trevor Gillies           Jack Skille              12     2   3  0  

5 vs 5 Defense 
   Defense                  Defense                                           Time % Phy DF OF 
 1 Alex Pietrangelo         Brooks Orpik                                      35     1   2  2  
 2 Jay Bouwmeester          Rasmus Ristolainen                                30     1   3  1  
 3 Nikita Zadorov           Matt Bartkowski                                   25     3   2  0  
 4 Alex Pietrangelo         Jay Bouwmeester                                   10     0   2  3  

PowerPlay Forward 
   Center                   Left Wing                Right Wing               Time % Phy DF OF 
 1 Sidney Crosby            Benoit Pouliot           Steven Stamkos           57     0   0  5  
 2 Ryan Kesler              Gustav Nyquist           David Perron             43     0   1  4  

PowerPlay Defense
   Defense                  Defense                                           Time % Phy DF OF 
 1 Jay Bouwmeester          Rasmus Ristolainen                                57     0   1  4  
 2 Nikita Zadorov           Alex Pietrangelo                                  43     1   1  3  

Penalty Kill 4 Players Forward 
   Center                   Wing                     Time % Phy DF OF 
 1 Boyd Gordon              Chris Higgins            50     2   3  0  
 2 Vernon Fiddler           Dwight King              50     1   4  0  

Penalty Kill 4 Players Defense
   Defense                  Defense                  Time % Phy DF OF 
 1 Alex Pietrangelo         Brooks Orpik             50     1   3  1  
 2 Jay Bouwmeester          Matt Bartkowski          50     2   3  0  

Penalty Kill - 3 Players Forward 
   Forward                                           Time % Phy DF OF 
 1 Boyd Gordon                                       50     1   4  0  
 2 Vernon Fiddler                                    50     1   4  0  

Penalty Kill - 3 Players Defense
   Defense                  Defense                  Time % Phy DF OF 
 1 Alex Pietrangelo         Brooks Orpik             50     2   2  1  
 2 Jay Bouwmeester          Matt Bartkowski          50     2   2  1  

4 vs 4 Forward 
   Center                   Wing                     Time % Phy DF OF 
 1 Sidney Crosby            Steven Stamkos           57     0   2  3  
 2 Ryan Kesler              Gustav Nyquist           43     1   2  2  

4 vs 4 Defense
   Defense                  Defense                  Time % Phy DF OF 
 1 Jay Bouwmeester          Rasmus Ristolainen       57     1   2  2  
 2 Nikita Zadorov           Alex Pietrangelo         43     1   2  2  

Last Minutes Offensive
   Center                   Left Wing                Right Wing               Defense                  Defense                  
   Sidney Crosby            Gustav Nyquist           Steven Stamkos           Alex Pietrangelo         Rasmus Ristolainen       

Last Minutes Defensive
   Center                   Left Wing                Right Wing               Defense                  Defense                  
   Ryan Kesler              Chris Higgins            Dwight King              Alex Pietrangelo         Brooks Orpik             

Goaltenders
Starting : Petr Mrazek              
Backup : Ondrej Pavelec           

Extra Forwards
Normal : Benoit Pouliot, Dwight King, Chris Higgins - PP : Chris Higgins, Dwight King - PK : Ryan Kesler
Extra Defensemen
Normal : Rasmus Ristolainen, Nikita Zadorov, Matt Bartkowski - PP : Nikita Zadorov - PK : Nikita Zadorov, Rasmus Ristolainen
Penalty Shots
Sidney Crosby, Gustav Nyquist, Chris Higgins, Benoit Pouliot, David Perron

% Time on Ice - Canadiens

Lines # - Real PCT - Wanted PCT - Time Play
Normal Forward
1 - 26% - 31% - 12:07
2 - 27% - 31% - 12:22
3 - 29% - 31% - 13:27
4 - 17% - 7% - 7:59
Normal Defense
1 - 36% - 40% - 16:22
2 - 35% - 34% - 16:01
3 - 28% - 26% - 12:59
4 - 1% - 0% - 0:33
PP Forward
1 - 55% - 55% - 6:09
2 - 45% - 45% - 4:57
PP Defense
1 - 61% - 60% - 6:46
2 - 39% - 40% - 4:20
PK Forward
1 - 97% - 60% - 2:53
2 - 3% - 40% - 0:06
PK Defense
1 - 61% - 60% - 1:49
2 - 39% - 40% - 1:10
PK3 Forward
1 - 0% - 60%
2 - 0% - 40%
PK3 Defense
1 - 0% - 60%
2 - 0% - 40%
44 Forward
1 - 0% - 60%
2 - 0% - 40%
44 Defense
1 - 0% - 60%
2 - 0% - 40%
Last Minute Offensive  - 0:00
Last Minute Defensive  - 0:00
Total
Forward - 60:00
Defense - 60:00

% Time on Ice - Sabres

Lines # - Real PCT - Wanted PCT - Time Play
Normal Forward
1 - 31% - 35% - 14:03
2 - 30% - 33% - 13:57
3 - 21% - 20% - 9:27
4 - 18% - 12% - 8:28
Normal Defense
1 - 37% - 35% - 16:52
2 - 30% - 30% - 13:41
3 - 30% - 25% - 13:49
4 - 3% - 10% - 1:33
PP Forward
1 - 60% - 57% - 1:48
2 - 40% - 43% - 1:11
PP Defense
1 - 94% - 57% - 2:48
2 - 6% - 43% - 0:11
PK Forward
1 - 53% - 50% - 5:52
2 - 47% - 50% - 5:14
PK Defense
1 - 45% - 50% - 5:03
2 - 55% - 50% - 6:03
PK3 Forward
1 - 0% - 50%
2 - 0% - 50%
PK3 Defense
1 - 0% - 50%
2 - 0% - 50%
44 Forward
1 - 0% - 57%
2 - 0% - 43%
44 Defense
1 - 0% - 57%
2 - 0% - 43%
Last Minute Offensive  - 0:00
Last Minute Defensive  - 0:00
Total
Forward - 60:00
Defense - 60:00

Play by Play

1st period


0:01 of 1st period - Steven Stamkos wins face-off versus Joe Thornton in neutral zone.
0:56 of 1st period - David Perron is hit by Mike Cammalleri and loses puck.
1:58 of 1st period - Jay Bouwmeester is hit by Patrick Eaves and loses puck.
2:13 of 1st period - Chris Higgins is hit by Dennis Seidenberg and loses puck.
2:46 of 1st period - Snap shot by Maxim Lapierre.
2:46 of 1st period - Stopped by Petr Mrazek without a rebound.
2:47 of 1st period - Boyd Gordon wins face-off versus Joe Thornton in Sabres zone.
2:47 of 1st period - Boyd Gordon is hit by Joe Thornton.
2:50 of 1st period - Minor Penalty to Trevor Gillies for Hooking.
2:51 of 1st period - Boyd Gordon wins face-off versus Joe Thornton in Sabres zone.
3:23 of 1st period - Wrist shot by Dwight King.
3:23 of 1st period - Stopped by Pekka Rinne without a rebound.
3:24 of 1st period - Vernon Fiddler wins face-off versus Ryan Callahan in Canadiens zone.
3:35 of 1st period - Dwight King is hit by Francois Beauchemin and loses puck.
3:44 of 1st period - Wrist shot by Mike Cammalleri.
3:44 of 1st period - Shot Hit the Post.
3:46 of 1st period - Slapshot by Jordie Benn.
3:46 of 1st period - Stopped by Petr Mrazek with a rebound.
3:48 of 1st period - Wrist shot by Jordie Benn.
3:48 of 1st period - Goal by Jordie Benn - Canadiens : 1 - Sabres : 0.
3:49 of 1st period - Joe Thornton wins face-off versus David Perron in neutral zone.
3:56 of 1st period - Wrist shot by Joe Thornton.
3:56 of 1st period - Stopped by Petr Mrazek with a rebound.
3:58 of 1st period - Slapshot by Jordie Benn.
3:58 of 1st period - Stopped by Petr Mrazek with a rebound.
4:00 of 1st period - Slapshot by Justin Abdelkader.
4:00 of 1st period - Stopped by Petr Mrazek with a rebound.
4:32 of 1st period - Minor Penalty to Ryan Kesler for Slashing.
4:33 of 1st period - Boyd Gordon wins face-off versus Mathieu Perreault in Sabres zone.
4:50 of 1st period - Slapshot by Ryan Callahan.
4:50 of 1st period - Stopped by Petr Mrazek with a rebound.
5:02 of 1st period - Snap shot by Mathieu Perreault.
5:02 of 1st period - Shot Misses the Net.
6:32 of 1st period - Penalty to Ryan Kesler is over, Ryan Kesler is back on ice.
6:40 of 1st period - Jay Bouwmeester is hit by Justin Abdelkader and loses puck.
7:03 of 1st period - Ben Lovejoy is hit by Gustav Nyquist and loses puck.
7:22 of 1st period - Wrist shot by Sidney Crosby.
7:22 of 1st period - Stopped by Pekka Rinne without a rebound.
7:23 of 1st period - Ryan Kesler wins face-off versus Maxim Lapierre in Canadiens zone.
7:28 of 1st period - Snap shot by Benoit Pouliot.
7:28 of 1st period - Deflect By Jordie Benn.
7:28 of 1st period - Stopped by Pekka Rinne with a rebound.
8:07 of 1st period - Icing by Brooks Orpik.
8:08 of 1st period - Mathieu Perreault wins face-off versus Ryan Kesler in Sabres zone.
10:17 of 1st period - Slapshot by Rasmus Ristolainen.
10:17 of 1st period - Stopped by Pekka Rinne with a rebound.
10:19 of 1st period - Snap shot by Jay Bouwmeester.
10:19 of 1st period - Deflect By Jack Skille.
10:19 of 1st period - Shot Blocked by Ben Lovejoy.
10:19 of 1st period - Puck is out of play.
10:20 of 1st period - Maxim Lapierre wins face-off versus Chris Higgins in Canadiens zone.
10:27 of 1st period - Snap shot by Chris Higgins.
10:27 of 1st period - Stopped by Pekka Rinne with a rebound.
10:37 of 1st period - Snap shot by Chris Higgins.
10:37 of 1st period - Stopped by Pekka Rinne without a rebound.
10:38 of 1st period - Mathieu Perreault wins face-off versus Vernon Fiddler in Canadiens zone.
11:06 of 1st period - Alex Goligoski is hit by Jay Bouwmeester and loses puck.
11:33 of 1st period - Slapshot by Boyd Gordon.
11:33 of 1st period - Stopped by Pekka Rinne without a rebound.
11:34 of 1st period - Sidney Crosby wins face-off versus Mike Ribeiro in Canadiens zone.
12:56 of 1st period - Snap shot by Boyd Gordon.
12:56 of 1st period - Deflect By Jack Skille.
12:56 of 1st period - Shot Misses the Net.
12:56 of 1st period - Puck is out of play.
12:57 of 1st period - Ryan Kesler wins face-off versus Mathieu Perreault in Canadiens zone.
13:08 of 1st period - Wrist shot by David Perron.
13:08 of 1st period - Shot Misses the Net.
14:36 of 1st period - Maxim Lapierre is hit by Trevor Gillies and loses puck.
14:57 of 1st period - Slapshot by Jordie Benn.
14:57 of 1st period - Deflect By Maxim Lapierre.
14:57 of 1st period - Shot Blocked by Nikita Zadorov.
14:57 of 1st period - Puck is out of play.
14:58 of 1st period - Sidney Crosby wins face-off versus Joe Thornton in Sabres zone.
15:08 of 1st period - Penalty Shot by Ben Lovejoy for Canadiens.
15:08 of 1st period - Snap shot by Ben Lovejoy.
15:08 of 1st period - Stopped by Petr Mrazek.
15:09 of 1st period - Ryan Kesler wins face-off versus Mathieu Perreault in Canadiens zone.
15:15 of 1st period - Snap shot by Mathieu Perreault.
15:15 of 1st period - Shot Misses the Net.
15:17 of 1st period - Wrist shot by Dennis Seidenberg.
15:17 of 1st period - Deflect By Alex Pietrangelo.
15:17 of 1st period - Stopped by Petr Mrazek with a rebound.
15:19 of 1st period - Slapshot by Dennis Seidenberg.
15:19 of 1st period - Stopped by Petr Mrazek without a rebound.
15:20 of 1st period - David Perron wins face-off versus Mathieu Perreault in Sabres zone.
15:35 of 1st period - Off-side.
15:36 of 1st period - Sidney Crosby wins face-off versus Joe Thornton in neutral zone.
16:29 of 1st period - Mike Cammalleri is hit by Matt Bartkowski and loses puck.
16:38 of 1st period - Matt Bartkowski is hit by Ben Lovejoy and loses puck.
17:37 of 1st period - Snap shot by Mike Ribeiro.
17:37 of 1st period - Shot Blocked by Dwight King.
17:58 of 1st period - Minor Penalty to Gregory Campbell for Interference.
17:59 of 1st period - Sidney Crosby wins face-off versus Maxim Lapierre in Canadiens zone.
18:18 of 1st period - Snap shot by Sidney Crosby.
18:18 of 1st period - Shot Misses the Net.
18:54 of 1st period - Slapshot by Ryan Kesler.
18:54 of 1st period - Stopped by Pekka Rinne with a rebound.
18:56 of 1st period - Slapshot by Alex Pietrangelo.
18:56 of 1st period - Shot Blocked by Alex Goligoski.
18:58 of 1st period - Snap shot by Gustav Nyquist.
18:58 of 1st period - Goal by Gustav Nyquist - Canadiens : 1 - Sabres : 1.
18:59 of 1st period - Joe Thornton wins face-off versus Chris Higgins in neutral zone.
19:01 of 1st period - Off-side.
19:02 of 1st period - Joe Thornton wins face-off versus Vernon Fiddler in neutral zone.
19:23 of 1st period - Snap shot by Radim Vrbata.
19:23 of 1st period - Shot Misses the Net.
19:25 of 1st period - Slapshot by Ben Lovejoy.
19:25 of 1st period - Stopped by Petr Mrazek with a rebound.
19:27 of 1st period - Slapshot by Radim Vrbata.
19:27 of 1st period - Stopped by Petr Mrazek with a rebound.
19:29 of 1st period - Snap shot by Joe Thornton.
19:29 of 1st period - Stopped by Petr Mrazek with a rebound.
19:57 of 1st period - Snap shot by Sidney Crosby.
19:57 of 1st period - Deflect By Ryan Callahan.
19:57 of 1st period - Shot Blocked by Dennis Seidenberg.
19:57 of 1st period - Puck is out of play.
19:58 of 1st period - Mathieu Perreault wins face-off versus Sidney Crosby in Canadiens zone.
Goals for this period are 1 for Canadiens vs 1 for Sabres.
Shots for this period are 12 for Canadiens vs 9 for Sabres.

2nd period


0:01 of 2nd period - Sidney Crosby wins face-off versus Ryan Callahan in neutral zone.
0:04 of 2nd period - Snap shot by Steven Stamkos.
0:04 of 2nd period - Deflect By Sidney Crosby.
0:04 of 2nd period - Stopped by Pekka Rinne without a rebound.
0:05 of 2nd period - Sidney Crosby wins face-off versus Mathieu Perreault in Canadiens zone.
0:21 of 2nd period - Alex Pietrangelo is hit by Mike Cammalleri and loses puck.
0:36 of 2nd period - Slapshot by Mathieu Perreault.
0:36 of 2nd period - Stopped by Petr Mrazek without a rebound.
0:37 of 2nd period - Mike Ribeiro wins face-off versus Ryan Kesler in Sabres zone.
0:44 of 2nd period - Wrist shot by Jaromir Jagr.
0:44 of 2nd period - Stopped by Petr Mrazek without a rebound.
0:45 of 2nd period - Benoit Pouliot wins face-off versus Mike Ribeiro in Sabres zone.
1:36 of 2nd period - Snap shot by Joe Thornton.
1:36 of 2nd period - Shot Misses the Net.
1:38 of 2nd period - Snap shot by Joe Thornton.
1:38 of 2nd period - Stopped by Petr Mrazek with a rebound.
1:40 of 2nd period - Slapshot by Francois Beauchemin.
1:40 of 2nd period - Shot Misses the Net.
1:42 of 2nd period - Slapshot by Alex Goligoski.
1:42 of 2nd period - Shot Blocked by Benoit Pouliot.
2:02 of 2nd period - Wrist shot by Justin Abdelkader.
2:02 of 2nd period - Stopped by Petr Mrazek with a rebound.
2:04 of 2nd period - Snap shot by Alex Goligoski.
2:04 of 2nd period - Shot Blocked by Ryan Kesler.
2:26 of 2nd period - Gustav Nyquist is hit by Mathieu Perreault and loses puck.
3:13 of 2nd period - Ben Lovejoy is hit by Rasmus Ristolainen and loses puck.
3:25 of 2nd period - Icing by Dennis Seidenberg.
3:26 of 2nd period - Maxim Lapierre wins face-off versus Vernon Fiddler in Canadiens zone.
4:59 of 2nd period - Snap shot by Radim Vrbata.
4:59 of 2nd period - Shot Misses the Net.
5:19 of 2nd period - Wrist shot by Boyd Gordon.
5:19 of 2nd period - Shot Blocked by Francois Beauchemin.
5:24 of 2nd period - Off-side.
5:25 of 2nd period - Maxim Lapierre wins face-off versus Boyd Gordon in neutral zone.
5:28 of 2nd period - Slapshot by Dennis Seidenberg.
5:28 of 2nd period - Stopped by Petr Mrazek without a rebound.
5:29 of 2nd period - Boyd Gordon wins face-off versus Maxim Lapierre in Sabres zone.
5:34 of 2nd period - Snap shot by Jack Skille.
5:34 of 2nd period - Shot Misses the Net.
5:46 of 2nd period - Slapshot by Maxim Lapierre.
5:46 of 2nd period - Stopped by Petr Mrazek without a rebound.
5:47 of 2nd period - Ryan Kesler wins face-off versus Mike Ribeiro in Sabres zone.
5:52 of 2nd period - Andrew Campbell is hit by Nikita Zadorov and loses puck.
6:12 of 2nd period - Snap shot by Jaromir Jagr.
6:12 of 2nd period - Stopped by Petr Mrazek without a rebound.
6:13 of 2nd period - Vernon Fiddler wins face-off versus Mathieu Perreault in Sabres zone.
6:15 of 2nd period - Minor Penalty to Vernon Fiddler for Hooking.
6:16 of 2nd period - Joe Thornton wins face-off versus Boyd Gordon in Sabres zone.
6:16 of 2nd period - Snap shot by Justin Abdelkader.
6:16 of 2nd period - Stopped by Petr Mrazek with a rebound.
6:43 of 2nd period - Snap shot by Justin Abdelkader.
6:43 of 2nd period - Shot Misses the Net.
6:45 of 2nd period - Wrist shot by Francois Beauchemin.
6:45 of 2nd period - Shot Blocked by Brooks Orpik.
6:47 of 2nd period - Snap shot by Justin Abdelkader.
6:47 of 2nd period - Stopped by Petr Mrazek without a rebound.
6:48 of 2nd period - Mathieu Perreault wins face-off versus Boyd Gordon in Sabres zone.
6:55 of 2nd period - Wrist shot by Mathieu Perreault.
6:55 of 2nd period - Shot Blocked by Matt Bartkowski.
6:57 of 2nd period - Snap shot by Mathieu Perreault.
6:57 of 2nd period - Canadiens goal is going for a video replay.
6:57 of 2nd period - The goal is good.
6:57 of 2nd period - Goal by Mathieu Perreault - Canadiens : 2 - Sabres : 1.
6:58 of 2nd period - Mathieu Perreault wins face-off versus Sidney Crosby in neutral zone.
7:14 of 2nd period - Wrist shot by Sidney Crosby.
7:14 of 2nd period - Stopped by Pekka Rinne with a rebound.
7:52 of 2nd period - David Perron is hit by Justin Abdelkader and loses puck.
8:01 of 2nd period - Alex Goligoski is hit by Ryan Kesler.
8:05 of 2nd period - Ryan Kesler is hit by Justin Abdelkader and loses puck.
8:20 of 2nd period - Wrist shot by David Perron.
8:20 of 2nd period - Shot Misses the Net.
8:22 of 2nd period - Slapshot by Nikita Zadorov.
8:22 of 2nd period - Stopped by Pekka Rinne with a rebound.
9:45 of 2nd period - Alex Pietrangelo is hit by Ben Lovejoy and loses puck.
11:04 of 2nd period - Slapshot by Jordie Benn.
11:04 of 2nd period - Shot Misses the Net.
11:10 of 2nd period - Brian Boyle is hit by Ryan Kesler and loses puck.
11:27 of 2nd period - Vernon Fiddler is hit by Justin Abdelkader and loses puck.
11:55 of 2nd period - Minor Penalty to Justin Abdelkader for Holding.
11:56 of 2nd period - Maxim Lapierre wins face-off versus Sidney Crosby in Canadiens zone.
12:05 of 2nd period - Wrist shot by Steven Stamkos.
12:05 of 2nd period - Stopped by Pekka Rinne without a rebound.
12:06 of 2nd period - Steven Stamkos wins face-off versus Maxim Lapierre in Canadiens zone.
13:20 of 2nd period - Icing by Jay Bouwmeester.
13:21 of 2nd period - Ryan Kesler wins face-off versus Maxim Lapierre in Sabres zone.
13:55 of 2nd period - Penalty to Justin Abdelkader is over, Justin Abdelkader is back on ice.
14:13 of 2nd period - Snap shot by Vernon Fiddler.
14:13 of 2nd period - Shot Misses the Net.
14:15 of 2nd period - Slapshot by Alex Pietrangelo.
14:15 of 2nd period - Stopped by Pekka Rinne without a rebound.
14:16 of 2nd period - Boyd Gordon wins face-off versus Mike Ribeiro in Canadiens zone.
14:48 of 2nd period - Snap shot by Mike Ribeiro.
14:48 of 2nd period - Shot Misses the Net.
14:50 of 2nd period - Slapshot by Dennis Seidenberg.
14:50 of 2nd period - Shot Blocked by Boyd Gordon.
14:52 of 2nd period - Slapshot by Dennis Seidenberg.
14:52 of 2nd period - Deflect By Nikita Zadorov.
14:52 of 2nd period - Stopped by Petr Mrazek with a rebound.
14:54 of 2nd period - Wrist shot by Patrick Eaves.
14:54 of 2nd period - Stopped by Petr Mrazek with a rebound.
15:00 of 2nd period - Minor Penalty to Trevor Gillies for Tripping.
15:01 of 2nd period - Vernon Fiddler wins face-off versus Joe Thornton in Sabres zone.
15:22 of 2nd period - Wrist shot by Joe Thornton.
15:22 of 2nd period - Stopped by Petr Mrazek with a rebound.
15:24 of 2nd period - Snap shot by Francois Beauchemin.
15:24 of 2nd period - Shot Misses the Net.
15:52 of 2nd period - Brooks Orpik is hit by Ryan Callahan and loses puck.
16:11 of 2nd period - Vernon Fiddler is hit by Ryan Callahan and loses puck.
16:18 of 2nd period - Mathieu Perreault is hit by Brooks Orpik and loses puck.
17:00 of 2nd period - Penalty to Trevor Gillies is over, Trevor Gillies is back on ice.
17:29 of 2nd period - Snap shot by Mike Ribeiro.
17:29 of 2nd period - Stopped by Petr Mrazek with a rebound.
17:45 of 2nd period - Slapshot by Mike Ribeiro.
17:45 of 2nd period - Stopped by Petr Mrazek with a rebound.
17:47 of 2nd period - Slapshot by Patrick Eaves.
17:47 of 2nd period - Shot Misses the Net.
17:51 of 2nd period - Snap shot by Patrick Eaves.
17:51 of 2nd period - Shot Misses the Net.
17:53 of 2nd period - Snap shot by Jordie Benn.
17:53 of 2nd period - Stopped by Petr Mrazek without a rebound.
17:54 of 2nd period - Benoit Pouliot wins face-off versus Maxim Lapierre in Sabres zone.
18:29 of 2nd period - David Perron is hit by Gregory Campbell.
18:43 of 2nd period - Ben Lovejoy is hit by Ryan Kesler and loses puck.
19:07 of 2nd period - Minor Penalty to Trevor Gillies for Interference.
19:08 of 2nd period - Vernon Fiddler wins face-off versus Mathieu Perreault in Sabres zone.
Goals for this period are 1 for Canadiens vs 0 for Sabres.
Shots for this period are 16 for Canadiens vs 5 for Sabres.

3rd period


0:01 of 3rd period - Joe Thornton wins face-off versus Boyd Gordon in neutral zone.
0:08 of 3rd period - Snap shot by Alex Goligoski.
0:08 of 3rd period - Stopped by Petr Mrazek with a rebound.
0:55 of 3rd period - Off-side.
0:56 of 3rd period - Vernon Fiddler wins face-off versus Mathieu Perreault in neutral zone.
1:07 of 3rd period - Penalty to Trevor Gillies is over, Trevor Gillies is back on ice.
1:13 of 3rd period - Slapshot by Mathieu Perreault.
1:13 of 3rd period - Stopped by Petr Mrazek with a rebound.
2:01 of 3rd period - Snap shot by Mike Ribeiro.
2:01 of 3rd period - Stopped by Petr Mrazek without a rebound.
2:02 of 3rd period - Sidney Crosby wins face-off versus Joe Thornton in Sabres zone.
2:37 of 3rd period - Sidney Crosby is hit by Francois Beauchemin and loses puck.
2:41 of 3rd period - Icing by Nikita Zadorov.
2:42 of 3rd period - Mike Ribeiro wins face-off versus Sidney Crosby in Sabres zone.
3:28 of 3rd period - Backhand shot by Ryan Kesler.
3:28 of 3rd period - Stopped by Pekka Rinne without a rebound.
3:29 of 3rd period - Boyd Gordon wins face-off versus Mathieu Perreault in Canadiens zone.
3:29 of 3rd period - Boyd Gordon is hit by Ryan Callahan.
3:45 of 3rd period - Wrist shot by Mathieu Perreault.
3:45 of 3rd period - Shot Misses the Net.
3:47 of 3rd period - Wrist shot by Mike Cammalleri.
3:47 of 3rd period - Stopped by Petr Mrazek without a rebound.
3:48 of 3rd period - Mathieu Perreault wins face-off versus Boyd Gordon in Sabres zone.
3:55 of 3rd period - Slapshot by Ryan Callahan.
3:55 of 3rd period - Shot Misses the Net.
3:57 of 3rd period - Slapshot by Jordie Benn.
3:57 of 3rd period - Shot Misses the Net.
4:11 of 3rd period - Wrist shot by Ryan Callahan.
4:11 of 3rd period - Shot Misses the Net.
4:37 of 3rd period - Snap shot by Radim Vrbata.
4:37 of 3rd period - Stopped by Petr Mrazek with a rebound.
4:39 of 3rd period - Slapshot by Alex Goligoski.
4:39 of 3rd period - Deflect By Alex Pietrangelo.
4:39 of 3rd period - Stopped by Petr Mrazek with a rebound.
4:41 of 3rd period - Snap shot by Justin Abdelkader.
4:41 of 3rd period - Shot Misses the Net.
4:43 of 3rd period - Slapshot by Alex Goligoski.
4:43 of 3rd period - Deflect By Radim Vrbata.
4:43 of 3rd period - Stopped by Petr Mrazek without a rebound.
4:44 of 3rd period - Sidney Crosby wins face-off versus Jaromir Jagr in Sabres zone.
5:07 of 3rd period - Snap shot by Sidney Crosby.
5:07 of 3rd period - Stopped by Pekka Rinne with a rebound.
5:09 of 3rd period - Snap shot by Gustav Nyquist.
5:09 of 3rd period - Shot Misses the Net.
5:11 of 3rd period - Snap shot by Rasmus Ristolainen.
5:11 of 3rd period - Shot Misses the Net.
5:13 of 3rd period - Slapshot by Jay Bouwmeester.
5:13 of 3rd period - Stopped by Pekka Rinne with a rebound.
5:15 of 3rd period - Slapshot by Rasmus Ristolainen.
5:15 of 3rd period - Stopped by Pekka Rinne with a rebound.
5:17 of 3rd period - Slapshot by Jay Bouwmeester.
5:17 of 3rd period - Stopped by Pekka Rinne with a rebound.
5:19 of 3rd period - Slapshot by Steven Stamkos.
5:19 of 3rd period - Shot Misses the Net.
5:21 of 3rd period - Slapshot by Rasmus Ristolainen.
5:21 of 3rd period - Shot Blocked by Alex Goligoski.
5:49 of 3rd period - Off-side.
5:50 of 3rd period - Vernon Fiddler wins face-off versus Joe Thornton in neutral zone.
6:05 of 3rd period - Slapshot by Radim Vrbata.
6:05 of 3rd period - Shot Blocked by Matt Bartkowski.
6:07 of 3rd period - Slapshot by Justin Abdelkader.
6:07 of 3rd period - Stopped by Petr Mrazek with a rebound.
6:09 of 3rd period - Slapshot by Dennis Seidenberg.
6:09 of 3rd period - Shot Misses the Net.
6:11 of 3rd period - Slapshot by Ben Lovejoy.
6:11 of 3rd period - Stopped by Petr Mrazek with a rebound.
7:38 of 3rd period - Slapshot by Alex Goligoski.
7:38 of 3rd period - Stopped by Petr Mrazek with a rebound.
7:40 of 3rd period - Slapshot by Maxim Lapierre.
7:40 of 3rd period - Stopped by Petr Mrazek with a rebound.
7:48 of 3rd period - Wrist shot by Maxim Lapierre.
7:48 of 3rd period - Shot Misses the Net.
7:50 of 3rd period - Wrist shot by Gregory Campbell.
7:50 of 3rd period - Shot Misses the Net.
8:18 of 3rd period - Alex Goligoski is hit by Benoit Pouliot and loses puck.
8:23 of 3rd period - Snap shot by Benoit Pouliot.
8:23 of 3rd period - Stopped by Pekka Rinne without a rebound.
8:24 of 3rd period - Joe Thornton wins face-off versus Boyd Gordon in Canadiens zone.
9:01 of 3rd period - Minor Penalty to Trevor Gillies for Hooking.
9:02 of 3rd period - Mathieu Perreault wins face-off versus Dwight King in Sabres zone.
9:17 of 3rd period - Brooks Orpik is hit by Ryan Callahan and loses puck.
9:30 of 3rd period - Vernon Fiddler is hit by Mathieu Perreault and loses puck.
9:48 of 3rd period - Off-side.
9:49 of 3rd period - Boyd Gordon wins face-off versus Justin Abdelkader in neutral zone.
10:26 of 3rd period - Snap shot by Dwight King.
10:26 of 3rd period - Shot Misses the Net.
10:28 of 3rd period - Wrist shot by Vernon Fiddler.
10:28 of 3rd period - Shot Blocked by Jordie Benn.
10:30 of 3rd period - Wrist shot by Vernon Fiddler.
10:30 of 3rd period - Shot Blocked by Ben Lovejoy.
10:32 of 3rd period - Slapshot by Jay Bouwmeester.
10:32 of 3rd period - Shot Blocked by Justin Abdelkader.
10:34 of 3rd period - Slapshot by Matt Bartkowski.
10:34 of 3rd period - Shot Blocked by Justin Abdelkader.
10:36 of 3rd period - Slapshot by Matt Bartkowski.
10:36 of 3rd period - Shot Blocked by Ben Lovejoy.
11:01 of 3rd period - Penalty to Trevor Gillies is over, Trevor Gillies is back on ice.
11:32 of 3rd period - Minor Penalty to Steven Stamkos for Holding.
11:33 of 3rd period - Mathieu Perreault wins face-off versus Dwight King in Sabres zone.
12:10 of 3rd period - Snap shot by Chris Higgins.
12:10 of 3rd period - Deflect By Boyd Gordon.
12:10 of 3rd period - Stopped by Pekka Rinne with a rebound.
12:34 of 3rd period - Snap shot by Vernon Fiddler.
12:34 of 3rd period - Stopped by Pekka Rinne with a rebound.
12:36 of 3rd period - Snap shot by Vernon Fiddler.
12:36 of 3rd period - Stopped by Pekka Rinne with a rebound.
12:38 of 3rd period - Snap shot by Alex Pietrangelo.
12:38 of 3rd period - Shot Misses the Net.
13:02 of 3rd period - Wrist shot by Mathieu Perreault.
13:02 of 3rd period - Deflect By Ryan Callahan.
13:02 of 3rd period - Goal by Ryan Callahan - Canadiens : 3 - Sabres : 1.
13:03 of 3rd period - Mike Ribeiro wins face-off versus Sidney Crosby in neutral zone.
13:18 of 3rd period - Slapshot by Steven Stamkos.
13:18 of 3rd period - Stopped by Pekka Rinne without a rebound.
13:19 of 3rd period - Sidney Crosby wins face-off versus Mike Ribeiro in Canadiens zone.
14:19 of 3rd period - Snap shot by Ryan Kesler.
14:19 of 3rd period - Shot Misses the Net.
14:21 of 3rd period - Wrist shot by Ryan Kesler.
14:21 of 3rd period - Stopped by Pekka Rinne with a rebound.
14:23 of 3rd period - Backhand shot by Ryan Kesler.
14:23 of 3rd period - Stopped by Pekka Rinne without a rebound.
14:24 of 3rd period - Maxim Lapierre wins face-off versus Vernon Fiddler in Canadiens zone.
14:42 of 3rd period - Maxim Lapierre is hit by Matt Bartkowski and loses puck.
14:47 of 3rd period - Snap shot by Vernon Fiddler.
14:47 of 3rd period - Shot Misses the Net.
14:49 of 3rd period - Snap shot by Vernon Fiddler.
14:49 of 3rd period - Shot Misses the Net.
14:51 of 3rd period - Slapshot by Nikita Zadorov.
14:51 of 3rd period - Shot Misses the Net.
14:55 of 3rd period - Slapshot by Chris Higgins.
14:55 of 3rd period - Shot Misses the Net.
14:57 of 3rd period - Slapshot by Nikita Zadorov.
14:57 of 3rd period - Shot Blocked by Alex Goligoski.
15:09 of 3rd period - Alex Goligoski is hit by Nikita Zadorov and loses puck.
15:21 of 3rd period - Maxim Lapierre is hit by Trevor Gillies and loses puck.
16:02 of 3rd period - Slapshot by David Perron.
16:02 of 3rd period - Shot Misses the Net.
16:36 of 3rd period - Wrist shot by Steven Stamkos.
16:36 of 3rd period - Stopped by Pekka Rinne without a rebound.
16:37 of 3rd period - Sidney Crosby wins face-off versus Joe Thornton in Canadiens zone.
16:54 of 3rd period - Wrist shot by Radim Vrbata.
16:54 of 3rd period - Stopped by Petr Mrazek with a rebound.
17:02 of 3rd period - Joe Thornton is hit by Brooks Orpik.
17:22 of 3rd period - Chris Higgins is hit by Ben Lovejoy and loses puck.
17:42 of 3rd period - Snap shot by Chris Higgins.
17:42 of 3rd period - Shot Misses the Net.
17:44 of 3rd period - Slapshot by Nikita Zadorov.
17:44 of 3rd period - Shot Blocked by Ben Lovejoy.
18:10 of 3rd period - Snap shot by Boyd Gordon.
18:10 of 3rd period - Shot Misses the Net.
18:24 of 3rd period - Snap shot by Mike Ribeiro.
18:24 of 3rd period - Shot Misses the Net.
18:54 of 3rd period - Ryan Kesler is hit by Mathieu Perreault and loses puck.
19:01 of 3rd period - Snap shot by Ryan Callahan.
19:01 of 3rd period - Stopped by Petr Mrazek with a rebound.
19:03 of 3rd period - Backhand shot by Mike Cammalleri.
19:03 of 3rd period - Shot Hit the Post.
19:45 of 3rd period - Wrist shot by Sidney Crosby.
19:45 of 3rd period - Stopped by Pekka Rinne without a rebound.
19:46 of 3rd period - Mike Ribeiro wins face-off versus Sidney Crosby in Canadiens zone.
Goals for this period are 1 for Canadiens vs 0 for Sabres.
Shots for this period are 14 for Canadiens vs 14 for Sabres.